 Dungeon Crawl Stone Soup version 0.23-a0-577-g2b1de94 (webtiles) character file.

675 Azzok the Ruffian (level 7, -1/49 HPs)
             Began as an Octopode Fighter on Dec 15, 2018.
             Slain by an ice beast (12 damage)
             ... on level 5 of the Dungeon.
             The game lasted 00:07:28 (4133 turns).

Azzok the Ruffian (Octopode Fighter)                Turns: 4133, Time: 00:07:29

Health: -1/49      AC:  1    Str: 15    XL:     7   Next: 59%
Magic:  10/10      EV: 12    Int: 13    God:
Gold:   246        SH: 10    Dex: 11    Spells: 11/11 levels left

rFire    + . .     SeeInvis .   d - +4 dagger (venom)
rCold    . . .     Gourm    +   a - +1 shield
rNeg     . . .     Faith    .   (helmet restricted)
rPois    .         Spirit   .   o - amulet of the gourmand
rElec    .         Reflect  .   e - ring of flight
rCorr    .         Harm     .   g - ring of protection from magic
MR       ++...                  j - ring of protection from fire
Stlth    ++........             k - ring of protection from magic
HPRegen  0.16/turn              (no ring)
MPRegen  0.12/turn              u - ring of wizardry
                                (no ring)
                                (no ring)

@: no status effects
A: almost no armour, stealthy swim, amphibious, 8 rings, constrict 8, camouflage
1, gelatinous body 1
a: Evoke Flight


You were on level 5 of the Dungeon.
You were very full.

You visited 2 branches of the dungeon, and saw 6 of its levels.

You collected 246 gold pieces.

Inventory:

Hand Weapons
 d - a +4 dagger of venom (weapon)
Armour
 a - a +1 shield (worn)
Jewellery
 e - a ring of flight (left tentacle)
 g - a ring of protection from magic (right tentacle)
 h - an uncursed amulet of harm {unknown}
 j - a ring of protection from fire (on tentacle)
 k - a ring of protection from magic (on tentacle)
 o - an amulet of the gourmand (around mantle)
 u - a ring of wizardry (on tentacle)
Wands
 r - a wand of random effects (25)
 w - a wand of flame (21)
Scrolls
 f - a scroll of enchant armour
 l - a scroll of amnesia
 n - 3 scrolls of teleportation
 q - a scroll of identify
Potions
 b - 2 potions of might
 i - a potion of curing
 m - a potion of ambrosia
 p - a potion of agility
 s - 2 potions of heal wounds
 t - a potion of invisibility {unknown}
 x - a potion of magic {unknown}
 z - a potion of degeneration {unknown}
Comestibles
 c - 6 rations


   Skills:
 + Level 4.7 Fighting
 + Level 4.3 Dodging
 + Level 4.2 Shields
 + Level 4.9 Unarmed Combat
 + Level 2.6 Spellcasting


You had 11 spell levels left.
You didn't know any spells.
Your spell library was empty.

Dungeon Overview and Level Annotations

Branches:
Dungeon (5/15)             Temple (1/1) D:4

Altars:
Dithmenos
Elyvilon
Gozag
Kikubaaqudgha
Nemelex Xobeh
Ru
Trog
Uskayaw
Vehumet
Wu Jian
Zin
The Shining One


Innate Abilities, Weirdness & Mutations

You cannot wear most types of armour.
You are very stealthy in the water. (Stealth+)
You are amphibious.
You can wear up to eight rings at the same time.
You can use your tentacles to constrict eight enemies at once.
Your skin changes colour to match your surroundings (Stealth+).
Your rubbery body absorbs attacks. (AC +1, EV +1)


Message History

Menkaure calls on the powers of darkness!
Your body is wracked with pain!
* * * LOW HITPOINT WARNING * * *
The ice beast convulses!
You hit Menkaure.
Menkaure is severely damaged.
You constrict Menkaure. Menkaure barely misses you.
You hit Menkaure.
Menkaure is almost destroyed.
You constrict Menkaure. You hit Menkaure.
You destroy Menkaure!
The ice beast hits you but does no damage.
You hit the ice beast.
The ice beast is poisoned.
Your tentacle-slap misses the ice beast.
The ice beast is severely wounded.
The ice beast hits you.
* * * LOW HITPOINT WARNING * * *
The ice beast freezes you!
You die...

······· ·····
······· ····
······· ··· ··▒····
▒··▒ ·▒≈▒···▒···▒
··········▒
········Y·▒
·······@·▒
·········▒
········▒▒
·········▒▒▒ ··▒
···········▒▒ ···▒
····
············▒▒▒▒··▒
···
··············▒····
··▒ ▒▒·
···················
··▒ ▒···
···············▒▒▒·


You could see an ice beast.

Vanquished Creatures
  Menkaure (D:5)
  Edmund (D:4)
  An ice beast (D:5)
  A sky beast (D:5)
  An orc wizard (D:3)
  A centaur skeleton (D:4)
  2 worker ants
  4 adders
  An adder skeleton (D:4)
  A worm (D:2)
  2 dart slugs (D:1)
  3 leopard geckos
  11 orcs
  6 bats
  4 giant cockroaches
  3 goblins
  11 hobgoblins
  9 jackals
  A quokka (D:3)
  6 frilled lizards
  14 kobolds
  3 rats
87 creatures vanquished.

Vanquished Creatures (others)
  An orc wizard (D:3)
1 creature vanquished.

Grand Total: 88 creatures vanquished

Notes
Turn   | Place    | Note
-------+----------+-------------------------------------------
     0 | D:1      | Azzok the Octopode Fighter began the quest for the Orb.
     0 | D:1      | Reached XP level 1. HP: 16/16 MP: 1/1
    35 | D:1      | Reached XP level 2. HP: 6/21 MP: 2/2
   800 | D:1      | Reached XP level 3. HP: 26/26 MP: 3/3
  1205 | D:2      | Reached XP level 4. HP: 27/32 MP: 4/4
  1734 | D:3      | Reached XP level 5. HP: 33/37 MP: 4/6
  1892 | D:3      | Found a glowing golden altar of the Shining One.
  1896 | D:3      | Found a glowing silver altar of Zin.
  1897 | D:3      | Found a white marble altar of Elyvilon.
  2143 | D:3      | Reached skill level 1 in Spellcasting
  2826 | D:4      | Found a staircase to the Ecumenical Temple.
  2844 | Temple   | Entered the Ecumenical Temple
  3292 | D:4      | Reached XP level 6. HP: 38/43 MP: 8/8
  3342 | D:5      | Entered Level 5 of the Dungeon
  3393 | D:5      | Noticed Edmund
  3404 | D:5      | Noticed a sky beast
  3435 | D:4      | Killed Edmund
  3505 | D:5      | Killed a sky beast
  3505 | D:5      | Reached XP level 7. HP: 8/49 MP: 8/10
  4122 | D:5      | Noticed Menkaure
  4132 | D:5      | Killed Menkaure
  4133 | D:5      | Slain by an ice beast

Vault maps used:
D:1:      lightli_arrival_boilingwater, hangedman_decor_slide_cut
D:2:      first_ration, minmay_3d_cube
D:3:      good_gods_temple_1
D:4:      kennysheep_six_static_rooms, minmay_temple_entry_sparse_star
D:5:      overflow_temple_1_default, serial_shops, shop,
          hangedman_feature_mirror, kennysheep_decorative_pillar, uniq_menkaure,
          uniq_edmund
Temple:   compressed_dpeg_triangle_lava_temple

Skill      XL: |  1  2  3  4  5  6  7 |
---------------+----------------------+-----
Unarmed Combat | 3 4 |  4.9
Spellcasting   | 1 2 |  2.6
Fighting       | 4 |  4.7
Dodging        | 4 |  4.3
Shields        | 4 |  4.2

Action                   |  1- 3 |  4- 6 |  7- 9 || total
-------------------------+-------+-------+-------++-------
Melee: Unarmed           |    11 |       |       ||    11
       Constrict         |    23 |    24 |     2 ||    49
       Dagger            |    55 |   104 |    17 ||   176
       Tentacles         |    13 |    16 |     1 ||    30
       Punch             |     2 |     3 |     1 ||     6
Evoke: Wand              |       |       |     6 ||     6
  Use: Scroll            |     3 |    10 |     1 ||    14
 Stab: Sleeping          |     2 |     4 |       ||     6
       Distracted        |       |     1 |       ||     1
  Eat: Chunk             |     1 |    20 |       ||    21
Armor: Skin              |     6 |    11 |     2 ||    19
Dodge: Dodged            |    24 |    41 |     4 ||    69
Block: Shield            |    22 |    51 |     5 ||    78

Table legend:
 A = Non-vault XP
 B = Vault XP
 C = Vault XP percentage of total XP
 D = Non-vault monster count
 E = Vault monster count
 F = Vault count percentage of total count
                 A         B        C        D         E       F
            +---------+---------+-------+---------+---------+-------
      Total |     601 |     364 |  37.7 |      80 |       8 |   9.1
            +---------+---------+-------+---------+---------+-------
        D:1 |      57 |       0 |   0.0 |      31 |       0 |   0.0
        D:2 |      38 |       1 |   2.6 |      14 |       1 |   6.7
        D:3 |     124 |       0 |   0.0 |      27 |       0 |   0.0
        D:4 |      87 |     191 |  68.7 |       4 |       6 |  60.0
        D:5 |     295 |     172 |  36.8 |       4 |       1 |  20.0
            +---------+---------+-------+---------+---------+-------
